 Dungeon Crawl Stone Soup version 0.29-a0-1043-g569b05d6ff (webtiles) character file.

Game seed: 8562690600407622877

2942 quixfox the Destroyer (level 9, -5/61 HPs)
             Began as a Demonspawn Conjurer on Aug 16, 2022.
             Was a Follower of Vehumet.
             Killed by vampiric draining
             ... invoked by a vampire
              (11 damage)
             ... on level 8 of the Dungeon.
             The game lasted 00:29:21 (9179 turns).

quixfox the Destroyer (Demonspawn Conjurer)         Turns: 9179, Time: 00:29:22

Health: -5/61      AC:  7    Str: 13    XL:     9   Next: 51%
Magic:  14/28      EV: 12    Int: 25    God:    Vehumet [*.....]
Gold:   117        SH:  5    Dex: 11    Spells: 8/21 levels left

rFire   . . .      SeeInvis .   e - staff of conjuration
rCold   . . .      Faith    .   (no shield)
rNeg    . . .      Spirit   .   a - +1 robe
rPois   .          Reflect  +   x - +0 helmet
rElec   .          Harm     .   (no cloak)
rCorr   .          Rampage  .   (no gloves)
Will    .....                   w - +2 pair of boots
Stlth   ++........              r - amulet of reflection
HPRegen 0.20/turn               f - ring of magical power
MPRegen 0.21/turn               d - +6 ring of strength

@: no status effects
A: foul stench 1, powered by pain 2, demonic touch 2
a: Renounce Religion


You were on level 8 of the Dungeon.
You worshipped Vehumet.
Vehumet was aware of your devotion.
You visited 2 branches of the dungeon, and saw 9 of its levels.

You collected 315 gold pieces.
You spent 198 gold pieces at shops.

Inventory:

Armour
 a - a +1 robe (worn)
 u - the +0 ring mail of the Albatross {rC+ Will+ Int+3}
   (You bought it in a shop on level 5 of the Dungeon)

   Int:       It affects your intelligence (+3).
   rC:        It protects you from cold.
   Will:      It increases your willpower.
 w - a +2 pair of boots (worn)
 x - a +0 helmet (worn)
Magical Staves
 e - a staff of conjuration (weapon)
Jewellery
 d - a +6 ring of strength (right hand)
 f - a ring of magical power (left hand)
 r - an amulet of reflection (around neck)
Wands
 s - a wand of flame (21)
 v - a wand of mindburst (14)
Scrolls
 g - 5 scrolls of teleportation
 h - a scroll of enchant weapon
 j - a scroll of amnesia
 l - 6 scrolls of fear
 q - a scroll of identify
Potions
 b - a potion of magic
 c - 2 potions of mutation
 i - a potion of might
 k - 5 potions of lignification
 m - 2 potions of berserk rage
 n - a potion of attraction
 o - 3 potions of curing
 p - a potion of heal wounds
 t - a potion of brilliance


   Skills:
 + Level 2.2 Fighting
 + Level 3.9 Armour
 - Level 1.7 Dodging
 - Level 1.7 Stealth
 - Level 2.8 Unarmed Combat
 + Level 6.9 Spellcasting
 + Level 8.2 Conjurations
 + Level 2.1 Fire Magic
 + Level 4.3 Air Magic


You had 8 spell levels left.
You knew the following spells:

 Your Spells              Type           Power      Damage    Failure   Level
a - Magic Dart            Conj           100%       1d8       1%          1
b - Searing Ray           Conj           100%       2d8       1%          2
c - Iskenderun's Mystic   Conj/Tloc      43%        2d10      12%         4
d - Lightning Bolt        Conj/Air       28%        1d45      14%         5
e - Foxfire               Conj/Fire      100%       2x1d9     1%          1

Your spell library contained the following spells:

 Spells                   Type           Power      Damage    Failure   Level
 Static Discharge         Conj/Air       57%        3-11/arc  1%          2
 Dazzling Flash           Conj/Hex       86%        N/A       3%          3
 Poisonous Vapours        Pois/Air       38%        N/A       4%          2
 Sting                    Tmut/Pois      32%        1d4       7%          1
 Fulminant Prism          Conj/Hex       21%        3d13      12%         4
 Gell's Gravitas          Tloc           8%         N/A       21%         3
 Lesser Beckoning         Tloc           8%         N/A       21%         3
 Teleport Other           Tloc           8%         N/A       21%         3
 Olgreb's Toxic Radiance  Pois           8%         N/A       56%         4
 Maxwell's Capacitive Co  Air            15%        ∞         100%        8


Dungeon Overview and Level Annotations

Branches:
Dungeon (8/15)             Temple (1/1) D:5
   Lair: D:8-11

Altars:
Ashenzari
Cheibriados
Dithmenos
Fedhas
Gozag
Hepliaklqana
Kikubaaqudgha
Makhleb
Nemelex Xobeh
Okawaru
Qazlal
Ru
Sif Muna
Vehumet
Wu Jian
Xom
Yredelemnul

Shops:
D:5 [   D:6 *   D:7 *

Annotations:
D:2 1 runed translucent door, Crazy Yiuf


Innate Abilities, Weirdness & Mutations

You may rarely emit foul miasma when damaged in melee.
You sometimes gain power by taking damage.
Your touch may inflict irresistible damage on your foes.


Message History

Deactivating autopickup; reactivate with Ctrl-A.
Casting: Searing Ray (safe; 1% risk of failure)
Confirm with . or Enter, or press ? or * to list all spells.
You can't see any susceptible monsters within range! (Use Z to cast anyway.)
You closely miss something. Something hits you but does no damage.
Something bites you.
Something draws strength from your injuries!
Casting: Searing Ray (safe; 1% risk of failure)
Confirm with . or Enter, or press ? or * to list all spells.
Aiming: Searing Ray (safe; 1% risk of failure)
Press: ? - help, Shift-Dir - straight line You feel a surge of power!
The searing ray hits something. (Press . to maintain the ray.)
Something hits you. Something completely misses you.
You block something's attack. Something bites you but does no damage.
Something hits you but does no damage. Something bites you.
Something draws strength from your injuries!
The searing ray hits something!
You finish channelling your searing ray.
Something hits you.
You emit a cloud of foul miasma!
Something bites you.
Something draws strength from your injuries!
Your magical contamination has completely faded away.
Casting: Searing Ray (safe; 1% risk of failure)
Confirm with . or Enter, or press ? or * to list all spells.
Okay, then.
Casting: Searing Ray (safe; 1% risk of failure)
Confirm with . or Enter, or press ? or * to list all spells.
Aiming: Searing Ray (safe; 1% risk of failure)
Press: ? - help, Shift-Dir - straight line You feel a surge of power!
The searing ray hits something but does no damage. (Press . to maintain the ray.)
Something draws life force from you!
The searing ray hits something.
Something hits you!
* * * LOW HITPOINT WARNING * * *
Something bites you.
* * * LOW HITPOINT WARNING * * *
Something draws strength from your injuries!
Something draws life force from you!
You die...

..........##.##.#
..........##.##.#
.............##.#
.#..#.....#####.#
...###....# #.#
##..#.....# #.#
........^.# #.#
#......#####.#
#..{@........#
##.########### #


There were no monsters in sight!

Vanquished Creatures
  An unseen horror (D:7)
  Grinder (D:6)
  A water moccasin (D:6)
  2 ice beasts
  2 sky beasts
  A black bear (D:4)
  4 ogres
  A centaur (D:7)
  A phantom (D:5)
  7 wights
  A howler monkey (D:5)
  A vampire bat (D:4)
  3 lava snakes (D:7)
  3 hounds
  2 orc priests
  A jelly (D:5)
  6 orc wizards
  Terence (D:2)
  5 iguanas
  Natasha (thrice) (D:2)
  8 adders
  A shadow imp (D:7)
  2 ufetubi
  A worm (D:3)
  A dart slug (D:4)
  3 fire bats (D:4)
  38 orcs
  2 spectral bats (D:4)
  7 ball pythons
  3 bat skeletons (D:4)
  A bat zombie (D:4)
  6 endoplasms
  2 giant cockroaches
  7 goblins
  3 hobgoblins
  7 jackals
  13 kobolds
  6 quokkas
  13 bats
  A bat simulacrum (D:4)
  3 frilled lizards
  9 rats
184 creatures vanquished.

Notes
Turn   | Place    | Note
-------+----------+-------------------------------------------
     0 | D:1      | quixfox the Demonspawn Conjurer began the quest for the
                  | Orb.
     0 | D:1      | Reached XP level 1. HP: 13/13 MP: 3/3
   442 | D:1      | Found a faded altar of an unknown god.
   448 | D:1      | Gained mutation: Your touch may inflict minor irresistible
                  | damage on your foes. [demonic ancestry]
   448 | D:1      | Reached XP level 2. HP: 19/19 MP: 1/5
  1110 | D:2      | Noticed Natasha
  1115 | D:2      | Killed Natasha
  1116 | D:2      | Gained mutation: You sometimes gain a little power by
                  | taking damage. [demonic ancestry]
  1116 | D:2      | Reached XP level 3. HP: 15/24 MP: 7/7
  1348 | D:2      | Noticed Natasha
  1359 | D:2      | Learned a level 2 spell: Searing Ray
  1375 | D:2      | Killed Natasha
  1376 | D:2      | Reached skill level 5 in Conjurations
  1376 | D:2      | Gained mutation: Your touch may inflict irresistible damage
                  | on your foes. [demonic ancestry]
  1376 | D:2      | Reached XP level 4. HP: 29/30 MP: 9/9
  1792 | D:2      | Noticed Terence
  1797 | D:2      | Killed Terence
  2175 | D:2      | Reached XP level 5. HP: 35/35 MP: 10/10
  2267 | D:2      | Found a runed translucent door.
  2268 | D:2      | Noticed Crazy Yiuf
  2400 | D:2      | Noticed Natasha
  2410 | D:2      | Reached skill level 1 in Unarmed Combat
  2444 | D:2      | Killed Natasha
  3396 | D:4      | Found an iron altar of Okawaru.
  3479 | D:4      | Learned a level 4 spell: Iskenderun's Mystic Blast
  3637 | D:4      | Gained mutation: You may rarely emit foul miasma when
                  | damaged in melee. [demonic ancestry]
  3637 | D:4      | Reached XP level 6. HP: 41/41 MP: 12/12
  4158 | D:4      | Reached skill level 6 in Conjurations
  4158 | D:4      | Reached XP level 7. HP: 46/46 MP: 13/13
  4359 | D:5      | Entered Level 5 of the Dungeon
  4562 | D:5      | Reached skill level 5 in Spellcasting
  4632 | D:5      | Found a shimmering altar of Xom.
  4645 | D:5      | Found a shimmering altar of Xom.
  4652 | D:5      | Learned a level 5 spell: Lightning Bolt
  4658 | D:5      | Found a shimmering altar of Xom.
  4683 | D:5      | Found a shimmering altar of Xom.
  5080 | D:5      | Reached skill level 1 in Air Magic
  5174 | D:5      | Found Zetoiniuss's Antique Armour Boutique.
  5499 | D:5      | Found a staircase to the Ecumenical Temple.
  5508 | Temple   | Entered the Ecumenical Temple
  5518 | Temple   | Became a worshipper of Vehumet
  6084 | D:5      | Bought a warped ring mail for 198 gold pieces
  6084 | D:5      | Identified the +0 ring mail of the Albatross {rC+ Will+
                  | Int+3} (You bought it in a shop on level 5 of the Dungeon)
  6233 | D:5      | Reached skill level 1 in Armour
  6233 | D:5      | Reached XP level 8. HP: 32/52 MP: 9/16
  6404 | D:5      | Reached skill level 7 in Conjurations
  6567 | D:6      | Identified a scroll of acquirement
  6567 | D:6      | Acquired a staff of conjuration
  6576 | D:6      | Found Inixuygg's Assorted Antiques.
  6974 | D:6      | Noticed Grinder
  7353 | D:6      | Found a basalt altar of Yredelemnul.
  7354 | D:6      | Found a shimmering blue altar of Sif Muna.
  7630 | D:6      | Reached * piety under Vehumet
  7630 | D:6      | Offered knowledge of Foxfire by Vehumet.
  7637 | D:6      | Learned a level 1 spell: Foxfire
  7788 | D:6      | Killed Grinder
  7789 | D:6      | Gained mutation: You sometimes gain power by taking damage.
                  | [demonic ancestry]
  7789 | D:6      | Reached XP level 9. HP: 58/58 MP: 15/18
  8169 | D:7      | Reached skill level 1 in Fighting
  8172 | D:7      | Reached skill level 8 in Conjurations
  8172 | D:7      | Reached skill level 1 in Fire Magic
  8283 | D:7      | Found Doisohum's General Store.
  8854 | D:7      | Killed an unseen horror
  9179 | D:8      | Killed from afar by a vampire

Illustrated notes

Levels and vault maps discovered:
D:1:      lightli_arrival_maybe_door_vault, layout_rooms,
          hellmonk_ecumenical_altar_lost_god
D:2:      layout_loops_corners, minmay_vboxes, uniq_natasha, uniq_terence,
          uniq_crazy_yiuf_cottage
D:3:      layout_basic, chequers_arboretum, due_unseen_surprise
D:4:      layout_cave_pools, mainiacjoe_overflow_small_starburst, goddamned_bats
D:5:      layout_layer_cave, xom_redecorated, minmay_temple_entry_poolview,
          serial_shops, shop, dk_noncrumbling_4, kennysheep_generic_room_14
D:6:      layout_basic, gammafunk_temple_overflow_wave, serial_shops, shop,
          uniq_grinder
D:7:      layout_basic, serial_shops,
          nicolae_shop_temple_entry_statues_fountains, st_stairs_12,
          kennysheep_boxes
D:8:      layout_loops_ring
Temple:   hellmonk_temple_of_storms

Skill      XL: |  1  2  3  4  5  6  7  8  9 |
---------------+----------------------------+-----
Spellcasting   | 3 4 5 6 |  6.9
Conjurations   | 5 6 7 8 |  8.2
Unarmed Combat | 1 2 |  2.8
Air Magic      | 2 3 4 |  4.3
Armour         | 1 3 |  3.9
Fighting       | 2 |  2.2
Fire Magic     | 2 |  2.1
Dodging        | |  1.7
Stealth        | |  1.7

Action                   |  1- 3 |  4- 6 |  7- 9 || total
-------------------------+-------+-------+-------++-------
Melee: Unarmed           |     1 |       |     3 ||     4
       Staff             |       |       |     2 ||     2
 Cast: Magic Dart        |    68 |    76 |    85 ||   229
       Searing Ray       |     1 |    34 |    67 ||   102
       Iskenderun's Myst |       |       |     1 ||     1
  Use: Scroll            |     2 |     6 |    12 ||    20
Armor: Robe              |       |     4 |    14 ||    18
Dodge: Dodged            |     6 |    15 |    40 ||    61
Block: Other             |       |     7 |    14 ||    21
       Reflection        |       |       |     2 ||     2

Table legend: (Time is in decaauts)
 A = Elapsed time spent in this place.
 B = Non-inter-level travel time spent in this place.
 C = Inter-level travel time spent in this place.
 D = Time resting spent in this place.
 E = Time spent auto-exploring this place.
 F = Levels seen in this place.
 G = Mean time per level.
                   A        B        C        D        E       F      G
               +--------+--------+--------+--------+--------+-----+--------+
         Total |   9181 |   9011 |    170 |   1885 |   5617 |   9 | 1020.1 |
       Dungeon |   9134 |   8964 |    170 |   1885 |   5617 |   8 | 1141.8 |
        Temple |     46 |     46 |      0 |      0 |      0 |   1 |   46.0 |
               +--------+--------+--------+--------+--------+-----+--------+

Top non-repeatable levels by time:
     D:5: 2358 daAuts
     D:2: 1627 daAuts
     D:6: 1204 daAuts
     D:7: 1168 daAuts
     D:1: 1096 daAuts
     D:4: 987 daAuts
     D:3: 645 daAuts
  Temple: 46 daAuts
     D:8: 46 daAuts
